 Dungeon Crawl Stone Soup version 0.30-a0-779-g7971cf19c3 (webtiles) character file.

Game seed: 6567292658076476572

651 Mgcat the Covered (level 7, -1/63 HPs)
             Began as an Armataur Fighter on Feb 17, 2023.
             Was a Priest of Ru.
             Succumbed to an orc warrior zombie's poison
             ... on level 4 of the Dungeon.
             The game lasted 00:09:59 (3529 turns).

Mgcat the Covered (Armataur Fighter)                Turns: 3529, Time: 00:10:00

Health: -1/63      AC: 12    Str: 28    XL:     7   Next: 28%
Magic:  2/2        EV:  8    Int:  8    God:    Ru [***...]
Gold:   54         SH:  0    Dex:  7    Spells: 6/6 levels left

rFire   x . .      SeeInvis .    f - +9 battleaxe of Bodily Humours {antimagic, Str+4}
rCold   x . .      Faith    .    (shield currently unavailable)
rNeg    . . .      Spirit   .    b - +0 scale mail
rPois   .          Reflect  .    (no helmet)
rElec   .          Harm     .    g - +0 cloak
rCorr   +          Roll     +    (no gloves)
Will    .....      Rage     3%   (no barding) Stlth
                                 (no amulet)
HPRegen 0.30/turn                n - +4 ring of protection
MPRegen 0.08/turn                o - ring of resist corrosion

@: lethally poisoned (-1 -> -35), unable to drink
A: large, rugged brown scales 3, deformed body, no air magic, no hexes magic, no
summoning magic, temperature sensitive, armoured tail, roll, long tongue,
awkward tongue, berserk 1, clumsy 1, mutation resistance 1, inability to drink
after injury 1
a: Renounce Religion, Draw Out Power


You were on level 4 of the Dungeon.
You worshipped Ru.
Ru was most pleased with you.
You visited 1 branch of the dungeon, and saw 4 of its levels.

You collected 284 gold pieces.
You spent 230 gold pieces at shops.

Inventory:

Hand Weapons
 f - the +9 battleaxe of Bodily Humours (weapon) {antimagic, Str+4}
   (You bought it in a shop on level 2 of the Dungeon)

   Str:       It affects your strength (+4).
Armour
 b - a +0 scale mail (worn)
 g - a +0 cloak (worn)
   (You found it on level 1 of the Dungeon)
Jewellery
 n - a +4 ring of protection (left hand)
   (You found it on level 2 of the Dungeon)
 o - a ring of resist corrosion (right hand)
   (You found it on level 2 of the Dungeon)
 u - a ring of magical power {MP+9}
   (You found it on level 3 of the Dungeon)
Wands
 a - a wand of polymorph (7)
   (You found it on level 4 of the Dungeon)
 d - a wand of flame (13)
   (You took it off a hobgoblin on level 3 of the Dungeon)
Scrolls
 e - a scroll of blinking {unknown}
 i - a scroll of poison {unknown}
 j - 2 scrolls of fear {unknown}
 l - 4 scrolls of amnesia {unknown}
 m - a scroll of fog {unknown}
 q - a scroll of noise {unknown}
 r - a scroll of teleportation {unknown}
 t - a scroll of vulnerability {unknown}
 y - a scroll of magic mapping {unknown}
Potions
 c - a potion of resistance
 p - 2 potions of curing
 s - a potion of cancellation
 w - a potion of lignification {!q}
 x - a potion of degeneration {!q}
 z - 2 potions of flight


   Skills:
 + Level 4.2 Fighting
 * Level 4.4 Axes
 + Level 5.6 Armour
 - Level 4.9 Shields


You had 6 spell levels left.
You didn't know any spells.
Your spell library contained the following spells:

 Spells                   Type           Power      Damage    Failure   Level
 Magic Dart               Conj           0%         1d3       65%         1
 Ozocubu's Armour         Ice            0%         N/A       95%         3
 Simulacrum               Ice/Necr       0%         N/A       100%        6
 Metabolic Englaciation   Hex/Ice        Unusable   N/A       N/A         5

Dungeon Overview and Level Annotations

Branches:
Dungeon (4/15)
 Temple: D:4-7

Altars:
Makhleb
Okawaru
Ru
Vehumet

Shops:
D:2 (

Annotations:
D:3 1 runed translucent door, Crazy Yiuf
D:4 1 transporter


Innate Abilities, Weirdness & Mutations

You are completely covered in rugged brown scales. (AC +3, +7% HP)
Armour fits poorly on your strangely shaped body.
You cannot study or cast Air magic.
You cannot study or cast Hexes magic.
You cannot study or cast Summoning magic.
You are sensitive to extremes of temperature. (rF-, rC-)
You have a long armoured tail.
You roll when moving toward enemies. (Rampage)
Your long tongue fully drains potion bottles. (2x potion effects)
Your tongue gives you trouble enunciating. (1.5x scroll delay)
You sometimes lose your temper in combat.
You are clumsy. (Dex -2)
You are somewhat resistant to further mutation.
You occasionally lose the ability to drink potions when taking damage.


Message History

You kill the quokka!
No target in view!
No target in view!
You see here a quokka corpse.
You pick up a book of Winter and begin reading...
You add the spells Ozocubu's Armour and Simulacrum to your library.
j - 2 scrolls labelled JIKKOS AFRYE (gained 1)
There is an open door here.
You see here 2 poisoned darts.
There is a stone staircase leading up here.
There is a stone staircase leading down here.
There is a stone staircase leading up here.
Partly explored, unvisited transporter.
Partly explored, unvisited transporter.
Partly explored, unvisited transporter.
Partly explored, unvisited transporter.
There is a transporter here.
You enter the transporter and appear at another place.
c - a potion of resistance You open the gate.
An orc warrior zombie and a gnoll sergeant zombie come into view.
The orc warrior zombie is wielding a +2 war axe of venom.
The gnoll sergeant zombie is wielding a +2 trident of venom.
The gnoll sergeant zombie hits you from afar with a +2 trident of venom.
You are poisoned.
You take 3 damage, and have 60/63 hp.
Okay, then.
Unknown command.
Unknown command.
Unknown command.
Unknown command.
You slurp down every last drop of the 3 potions of curing!
You feel better.
Health restored: 63 The gnoll sergeant zombie hits you but does no damage.
You are poisoned.
There is an open gate here.
Really walk into that cloud of poison gas?
Okay, then.
Unknown command.
Unknown command.
Really walk into that cloud of poison gas?
Really walk into a travel-excluded area?
You are engulfed in poison gas.
You are more poisoned.
You feel extremely sick.
You take 7 damage, and have 56/63 hp.
Really walk into that cloud of poison gas?
Okay, then.
Unknown command.
Unknown command.
Really walk into that cloud of poison gas?
You are engulfed in poison gas.
You are more poisoned.
You feel extremely sick.
The gnoll sergeant zombie closely misses you.
You take 10 damage, and have 46/63 hp.
Unknown command.
Unknown command.
Unknown command.
You feel extremely sick.
The gnoll sergeant zombie hits you from afar with a +2 trident of venom!
You feel threatened and lose the ability to drink potions!
You are lethally poisoned!
You take 19 damage, and have 27/63 hp.
MASSIVE DAMAGE!!
You cannot drink potions in your current state!
Unknown command.
Unknown command.
Unknown command.
Unknown command.
Unknown command.
Unknown command.
Unknown command.
You cannot drink potions in your current state!
You cannot drink potions in your current state!
You cannot drink potions in your current state!
You feel extremely sick.
You see here 7 gold pieces.
You take 8 damage, and have 19/63 hp.
You cannot drink potions in your current state!
You cannot drink potions in your current state!
You cannot drink potions in your current state!
You cannot drink potions in your current state!
You cannot drink potions in your current state!
You cannot drink potions in your current state!
You slice the orc warrior zombie!!
Your tail-slap misses the orc warrior zombie.
The orc warrior zombie is severely damaged.
* * * LOW HITPOINT WARNING * * *
You feel extremely sick.
The orc warrior zombie hits you but does no damage.
You are more poisoned.
You take 10 damage, and have 9/63 hp.
Unknown command.
Unknown command.
Unknown command.
Unknown command.
Unknown command.
You slice the orc warrior zombie!!
You destroy the orc warrior zombie!
You die...

####.....###########......##.####
....................(.....'......
...........#####.###......##.###.
...........# #..##......##.# #.
...........# #...#########.# #.
...........# ##.©.## #.# #.
...........############ #.# #.
...........##°☼°$©[°°°# #.# #.
#############°°☼@)$°☼°# #.# #. ##
#°°☼...°°○# #.# #. .##
#°°○°Z°○°☼# #.# #. ..###
#○☼○☼☼°°°○# #.# #. #(..##
####°°°#### #.# #. .....##
#.☼...°○# #.# #.
......########.°#.#○°#######.###.
............##°°...°°##..........
####........##.°#©#○°#...........


You could see a gnoll sergeant zombie.

Vanquished Creatures
  Grinder (D:3)
  Sigmund (D:3)
  A hound (D:4)
  A scorpion zombie (D:2)
  Natasha (thrice) (D:3)
  Terence (D:3)
  An iguana (D:4)
  An orc zombie (D:4)
  2 adders
  4 adder zombies (D:2)
  2 adder skeletons (D:2)
  3 worms (D:2)
  A dart slug (D:4)
  7 orcs
  A bat zombie (D:2)
  4 endoplasms
  7 giant cockroaches
  3 goblins
  5 hobgoblins
  4 jackals
  2 quokkas
  2 ball python zombies (D:2)
  3 bats
  4 frilled lizards
  A giant cockroach zombie (D:2)
  A jackal skeleton (D:2)
  8 kobolds
  A quokka skeleton (D:2)
  4 rats
79 creatures vanquished.

Vanquished Creatures (others)
  A fungus (D:1)
  A plant (D:1)
  3 withered plants (D:2)
5 creatures vanquished.

Grand Total: 84 creatures vanquished

Notes
Turn   | Place    | Note
-------+----------+-------------------------------------------
     0 | D:1      | Mgcat the Armataur Fighter began the quest for the Orb.
     0 | D:1      | Reached XP level 1. HP: 19/19 MP: 1/1
    16 | D:1      | Found a faded altar of an unknown god.
    36 | D:1      | Got Plato's Almanac of Striking
    37 | D:1      | Prayed at the altar of an unknown god.
    37 | D:1      | Became a worshipper of Ru the Awakened
    63 | D:1      | Gained mutation: You are sensitive to extremes of
                  | temperature. (rF-, rC-) [Ru sacrifice]
    63 | D:1      | Reached * piety under Ru
    63 | D:1      | Reached ** piety under Ru
   302 | D:1      | Reached XP level 2. HP: 26/26 MP: 2/2
   326 | D:1      | Reached skill level 2 in Axes
   820 | D:2      | Reached skill level 4 in Armour
   820 | D:2      | Reached XP level 3. HP: 32/32 MP: 3/3
   871 | D:2      | Reached skill level 3 in Fighting
   984 | D:2      | Reached XP level 4. HP: 40/40 MP: 4/4
  1173 | D:2      | Found Miosh's Antique Weapon Shop.
  1482 | D:3      | Noticed Sigmund
  1488 | D:3      | Killed Sigmund
  1489 | D:3      | Reached skill level 3 in Axes
  1489 | D:3      | Reached skill level 4 in Shields
  1489 | D:3      | Reached XP level 5. HP: 45/48 MP: 5/5
  1513 | D:3      | Noticed Terence
  1520 | D:3      | Killed Terence
  1521 | D:3      | Reached XP level 6. HP: 54/54 MP: 6/6
  1576 | D:3      | Found a radiant altar of Vehumet.
  1606 | D:3      | Noticed Natasha
  1610 | D:3      | Killed Natasha
  1611 | D:3      | Reached skill level 5 in Armour
  1710 | D:3      | Noticed Natasha
  1722 | D:3      | Killed Natasha
  1735 | D:3      | Noticed Natasha
  1741 | D:3      | Killed Natasha
  1797 | D:3      | Gained mutation: You cannot study or cast Air magic. [Ru
                  | sacrifice]
  1797 | D:3      | Gained mutation: You cannot study or cast Hexes magic. [Ru
                  | sacrifice]
  1797 | D:3      | Gained mutation: You cannot study or cast Summoning magic.
                  | [Ru sacrifice]
  1797 | D:3      | Reached *** piety under Ru
  2048 | D:3      | Noticed Grinder
  2095 | D:3      | Killed Grinder
  2096 | D:3      | Reached skill level 4 in Fighting
  2096 | D:3      | Reached skill level 4 in Axes
  2096 | D:3      | Reached XP level 7. HP: 41/63 MP: 7/7
  2270 | D:3      | Gained mutation: You occasionally lose the ability to drink
                  | potions when taking damage. [potion of mutation]
  2270 | D:3      | Gained mutation: Your tail ends in a venomous barb. [potion
                  | of mutation]
  2270 | D:3      | Gained mutation: You sometimes lose the ability to drink
                  | potions when taking damage. [potion of mutation]
  2270 | D:3      | Gained mutation: You are weak. (Str -2) [potion of
                  | mutation]
  2270 | D:3      | Lost mutation: Your tail ends in a venomous barb. [potion
                  | of mutation]
  2270 | D:3      | Gained mutation: Your mind is acute. (Int +4, Str/Dex -1)
                  | [potion of mutation]
  2270 | D:3      | Gained mutation: Your natural rate of healing is unusually
                  | fast. [potion of mutation]
  2271 | D:3      | Lost mutation: You sometimes lose the ability to drink
                  | potions when taking damage. [potion of mutation]
  2271 | D:3      | Lost mutation: You occasionally lose the ability to drink
                  | potions when taking damage. [potion of mutation]
  2271 | D:3      | Lost mutation: Your natural rate of healing is unusually
                  | fast. [potion of mutation]
  2271 | D:3      | Lost mutation: You are weak. (Str -2) [potion of mutation]
  2271 | D:3      | Lost mutation: Your mind is acute. (Int +4, Str/Dex -1)
                  | [potion of mutation]
  2271 | D:3      | Gained mutation: You are clumsy. (Dex -2) [potion of
                  | mutation]
  2271 | D:3      | Gained mutation: You occasionally lose the ability to drink
                  | potions when taking damage. [potion of mutation]
  2271 | D:3      | Gained mutation: You sometimes lose your temper in combat.
                  | [potion of mutation]
  2271 | D:3      | Gained mutation: You are somewhat resistant to further
                  | mutation. [potion of mutation]
  2297 | D:3      | Found an iron altar of Okawaru.
  2522 | D:3      | Found a runed translucent door.
  2523 | D:3      | Noticed Crazy Yiuf
  2599 | D:2      | Bought a slimy battleaxe for 230 gold pieces
  2599 | D:2      | Identified the +9 battleaxe of Bodily Humours {antimagic,
                  | Str+4} (You bought it in a shop on level 2 of the Dungeon)
  2744 | D:4      | Identified the +9 trident of Kuywusopn {protect, +Blink
                  | Will+ Int+3}
  2963 | D:4      | Found a burning altar of Makhleb.
  3303 | D:4      | Found a transporter.
  3360 | D:4      | Found a transporter.
  3528 | D:4      | HP: 9/63 [poisoned by a gnoll sergeant zombie]
  3529 | D:4      | Succumbed to an orc warrior zombie's poison

Illustrated notes

Levels and vault maps discovered:
D:1:      beargit_arrival_diablo_church, layout_loops_ring,
          shapermc_ecumenical_altar_rom_forum
D:2:      layout_loops_ring, serial_shops, nicolae_shop_waterfront,
          serial_undead, serial_undead_e, serial_undead_b, serial_undead_d,
          serial_undead_a, serial_undead_a, serial_undead_e, serial_undead_b,
          serial_undead_f, nicolae_wormholes
D:3:      layout_basic, vehumet_altar_wand_db, mainiacjoe_overflow_boulevard,
          interstate_on_off, dk_vineyard_3, uniq_crazy_yiuf_cottage,
          uniq_grinder, uniq_natasha, uniq_terence, uniq_sigmund
D:4:      gammafunk_cloud_chamber, layout_basic,
          mainiacjoe_overflow_surrounded_room, minivault_23

Skill      XL: |  1  2  3  4  5  6 |
---------------+-------------------+-----
Axes           | 2 3 4 |  4.4
Armour         | 4 5 |  5.6
Fighting       | 3 4 |  4.2
Shields        | 4 |  4.9

Action                     |  1- 3 |  4- 6 |  7- 9 || total
---------------------------+-------+-------+-------++-------
  Melee: War axe           |    45 |       |       ||    45
         Tailslap          |     9 |    10 |     5 ||    24
         Mace              |    54 |    76 |     8 ||   138
         Battleaxe         |       |       |    33 ||    33
 Invoke: Sacrifice Resista |     1 |       |       ||     1
         Draw Out Power    |       |     1 |       ||     1
         Sacrifice Arcana  |       |     1 |       ||     1
    Use: Potion            |       |     2 |     3 ||     5
         Scroll            |       |     6 |     1 ||     7
 Armour: Scale mail        |    70 |    24 |    24 ||   118
  Dodge: Dodged            |    34 |    22 |    13 ||    69
  Block: Buckler           |    13 |     6 |     3 ||    22

Table legend: (Time is in decaauts)
 A = Elapsed time spent in this place.
 B = Non-inter-level travel time spent in this place.
 C = Inter-level travel time spent in this place.
 D = Time resting spent in this place.
 E = Time spent auto-exploring this place.
 F = Levels seen in this place.
 G = Mean time per level.
                   A        B        C        D        E       F      G
               +--------+--------+--------+--------+--------+-----+--------+
         Total |   3607 |   3401 |    206 |     88 |   2725 |   4 |  901.8 |
       Dungeon |   3607 |   3401 |    206 |     88 |   2725 |   4 |  901.8 |
               +--------+--------+--------+--------+--------+-----+--------+

Top non-repeatable levels by time:
     D:3: 1197 daAuts
     D:4: 850 daAuts
     D:1: 837 daAuts
     D:2: 723 daAuts

Table legend:
 A = Kills in this place as a percentage of kills in entire the game.
 B = Kills by you in this place as a percentage of kills by you in the entire game.
 C = Kills by friends in this place as a percentage of kills by friends in the entire game.
 D = Other kills in this place as a percentage of other kills in the entire game.
 E = Experience gained in this place as a percentage of experience gained in the entire game.
 F = Experience gained in this place divided by the number of levels of this place that you have seen.
                   A       B       C       D       E      F
               +-------+-------+-------+-------+-------+----------------------
         Total | 100.0 | 100.0 |   N/A |   N/A | 100.0 | 236.2
       Dungeon | 100.0 | 100.0 |   N/A |   N/A | 100.0 | 236.2
               +-------+-------+-------+-------+-------+----------------------
